Unix NetHack Version 5.0.0-0 post-release - last build Jun 10 2026 00:39:30 (3ee93aec679c4c4259841fe613dc97188e26a321,branch:main).

Game began 2026-06-13 04:53:24, ended 2026-06-13 05:20:15.

Brudee, chaotic female human Rogue

                       ---
                      --.-----             ---
                      |......--             .
                      |.......---------     .-
                      --..............|     .-
                      |.....^--------.---   .
                      --.....|      |...|   .-
                       |.....-      ---.|  -.|
                       |.|...         |.----.|  ---
                       |.|-..-        |......|  |.----
                       |.|----        ---..-.----....|
                       |.|             |......--.....|
                ------ |.--           --...........-
                |....---..|           |............|
                |.........--  |       --......*....|
          -- -----.G..........|        ---.........--
          |.......@h.--......--     --  --..........---
          -   ----.G----.....|      |...............>.#
                 ----   ...---      |......*......|...|
                       -..--        ---..|..--.|.---.--
                       ----           ------------ ---
Brudee the Rogue        St:14 Dx:18 Co:12 In:13 Wi:12 Ch:12  Chaotic S:2139
Dlvl:4  $:149 HP:0(44) Pw:28(28) AC:-2 Xp:6/430 T:1953 

Latest messages:
 You see here 4 daggers.
 You have a little trouble lifting 4 daggers.  Continue? [ynq] (q) q
 You have a little trouble lifting a white potion.  Continue? [ynq] (q) q
 You see here a white potion.
 You have a little trouble lifting a white potion.  Continue? [ynq] (q) y
 You have a little trouble lifting P - a white potion.
 Your movements are slowed slightly because of your load.
 What do you want to drink? [KP or ?*] P
 Wow!  This makes you feel good!
 Call a white potion: RESTORE ABILITY
 Your movements are now unencumbered.
 You fall into a pit!
 You land on a set of sharp iron spikes!
 You are still in a pit.
 You are still in a pit.
 You are still in a pit.
 You are still in a pit.
 You are still in a pit.
 You crawl to the edge of the pit.
 You can't go up here.
 You climb up the stairs.
 The gnome is hit by a rock!
 The gnome is killed!
 You hear crashing rock.
 You stop waiting.
 You are beginning to feel weak.
 Your movements are slowed slightly because of your load.
 What do you want to eat? [imy or ?*] ?
 This lichen corpse tastes okay.
 Your movements are now unencumbered.
 You finish eating the lichen corpse.
 You materialize in a different location!
 The hobbit wields a dagger!
 The dagger welds itself to the hobbit's hand!
 The gnome lord misses!
 A cloud of gas puts you to sleep!
 The hobbit thrusts his dagger.
 The hobbit hits!
 The hobbit thrusts his dagger.
 The hobbit hits!
 The hobbit thrusts his dagger.
 The hobbit hits!
 The gnome lord misses!
 The hobbit thrusts his dagger.
 The hobbit hits!
 The gnome lord misses!
 The gnome hits!
 You die...
 Do you want your possessions identified? [ynq] (y) y
 Do you want to see your attributes? [ynq] (y) q

Inventory:
 Coins    ('$')
  $ - 149 gold pieces
 Weapons  (')')
  J - a +0 orcish dagger (weapon in right hand)
 Armor    ('[')
  C - an uncursed +0 orcish helm (being worn)
  t - an uncursed +0 pair of water walking boots (being worn)
  p - an uncursed +0 cloak of protection (being worn)
  o - a blessed +0 T-shirt with text "Weapons don't kill people, I kill people" (being worn)
  B - an uncursed +0 crystal plate mail (being worn)
 Comestibles  ('%')
  y - 2 uncursed tripe rations
  m - an uncursed egg
 Potions  ('!')
  K - a cursed potion of object detection
 Rings    ('=')
  k - an uncursed ring of free action (on right hand)
 Wands    ('/')
  M - a wand of striking (0:0)
 Tools    ('(')
  f - an empty uncursed sack
  e - an uncursed lock pick
  u - a +0 pick-axe
  E - an uncursed tin whistle
 Gems/Stones  ('*')
  l - 3 uncursed worthless pieces of white glass

Brudee the Rogue's attributes:

Background:
 You were a Rogue, level 6 female human.
 You were chaotic, on a mission for Kos
 who was opposed by Issek (lawful) and Mog (neutral).
 You were right-handed.
 You were in the Gnomish Mines, on level 4.
 You entered the dungeon 1953 turns ago.
 It was nighttime.
 You had 430 experience points, 210 more were needed to attain level 7.
 Your score was 2139 before end-of-game adjustments.

Basics:
 You had 0 out of 44 hit points.
 You had all 28 energy points (spell power).
 Your armor class was -2.
 Your wallet contained 149 zorkmids.
 Autopickup was on for '$!=+?/"' plus thrown.

Final Characteristics:
 Your strength was 14 (limit:18/100).
 Your dexterity was 18 (limit:18).
 Your constitution was 12 (limit:18).
 Your intelligence was 13 (limit:18).
 Your wisdom was 12 (limit:18).
 Your charisma was 12 (limit:18).

Final Status:
 You weren't hungry.
 You were unencumbered.
 You were wielding a dagger.
 You had basic skill with dagger and could have enhanced that.

Final Attributes:
 You were devoutly aligned.
 You were stealthy.
 You could walk on water.
 You were protected.
 You had free action.
 You are dead.

Miscellaneous:
 You didn't encounter any bones levels.
 Total elapsed playing time was 26 minutes and 50 seconds.

Major events:
 Turn
    1: Brudee the chaotic female human Rogue entered the dungeon
  730: entered the Gnomish Mines
  781: chose an elven dagger to be named "Sting"
  795: attained the rank of Cutpurse (level 3)
 1168: reached Mine Town
 1748: attained the rank of Rogue (level 6)
 1953: killed by a gnome, while sleeping

Spells:
 Name                 Level Category     Fail Retention
 jumping                1   escape        64%  76%-100%
 healing                1   healing       64%  76%-100%

Skills:
 Fighting Skills
   bare handed combat [Unskilled]
   two weapon combat  [Unskilled]
   riding             [Unskilled]
 Weapon Skills
   dagger             [Basic]
   knife              [Unskilled]
   short sword        [Basic]
   broadsword         [Unskilled]
   long sword         [Unskilled]
   two-handed sword   [Unskilled]
   saber              [Unskilled]
   club               [Unskilled]
   mace               [Unskilled]
   morning star       [Unskilled]
   flail              [Unskilled]
   hammer             [Unskilled]
   polearms           [Unskilled]
   spear              [Unskilled]
   crossbow           [Unskilled]
   dart               [Unskilled]
   shuriken           [Unskilled]
 Spellcasting Skills
   divination spells  [Unskilled]
   escape spells      [Unskilled]
   matter spells      [Unskilled]

Voluntary challenges:
 Character rerolling was not enabled.
 You never genocided any monsters.
 You never polymorphed an object.
 You never changed form.
 You used no wishes.
Achievements:
 You entered a shop.
 You entered the Gnomish Mines.
 You attained the rank of Cutpurse.
 You entered Minetown.
 You attained the rank of Rogue.

 The Dungeons of Doom: levels 1 to 3
    Level 1:
    Level 2:
       An armor shop, a sink.
       Stairs down to The Gnomish Mines.
    Level 3:
 The Gnomish Mines: levels 3 to 6
    Level 3:
    Level 4: <- You were here.
       Final resting place for
          you, killed by a gnome, while sleeping.
    Level 5:
    Level 6:
       An altar, a fountain.


Vanquished creatures:
 an orc-captain
  a mountain nymph
  3 orc shamans
  a yellow light
  3 gnome leaders
  a little dog
  2 dwarves
  7 hill orcs
  3 hobbits
  a green mold
 20 gnomes
  a gnome zombie
  a gecko
  2 jackals
  2 goblins
  a grid bug
  2 lichens
  a kobold zombie
  7 newts
60 creatures vanquished.

No species were genocided or became extinct.

Game over:
                       ----------
                      /          \
                     /    REST    \
                    /      IN      \
                   /     PEACE      \
                  /                  \
                  |      Brudee      |
                  |      149 Au      |
                  |   killed by a    |
                  |      gnome       |
                  |                  |
                  |                  |
                  |       2026       |
                 *|     *  *  *      | *
        _________)/\\_//(\/(/\)/\//\/|_)_______

Goodbye Brudee the Rogue...

You died in The Gnomish Mines on dungeon level 4 with 2125 points,
and 149 pieces of gold, after 1953 moves.
You were level 6 with a maximum of 44 hit points when you died.

